 Dungeon Crawl Stone Soup version 0.31-a0-237-g2d982f9f85 (webtiles) character file.

Game seed: 18189080718217870425

1822 qw the Skirmisher (level 8, -5/67 (71) HPs)
             Began as a Minotaur Hexslinger on July 11, 2023.
             Slain by a wight
             ... wielding a +0 hand axe
              (6 damage)
             ... on level 6 of the Dungeon.
             The game lasted 00:02:04 (5549 turns).

qw the Skirmisher (Minotaur Hexslinger)             Turns: 5549, Time: 00:02:04

HP:   -5/67 (71)    AC:  6    Str: 12    XL:     8   Next: 85%
MP:   8/8           EV: 12    Int: 10    God:
Gold: 495           SH:  0    Dex: 16    Spells: 8/9 levels left

rFire   . . .        Y - +2 sling
rCold   . . .        (no shield)
rNeg    . . .        d - +0 ring mail
rPois   +            (helmet restricted)
rElec   .            (no cloak)
rCorr   .            f - +2 pair of gloves
SInv    .            b - +0 pair of boots
Will    .....        (no amulet)
Stlth   +            l - ring of poison resistance
HPRegen 0.31/turn    (no ring)
MPRegen 0.11/turn

%: no passive effects
@: corroded, drained
A: horns 2, retaliatory headbutt
a: no special abilities


You were on level 6 of the Dungeon.
You visited 1 branch of the dungeon, and saw 6 of its levels.

You collected 495 gold pieces.


Innate Abilities, Weirdness & Mutations

You have a pair of horns on your head.
You reflexively headbutt those who attack you in melee.


   Skills:
 + Level 6.7 Fighting
 - Level 10.0 Ranged Weapons
 - Level 3.9 Armour
 - Level 3.6 Dodging
 - Level 1.0 Spellcasting
 - Level 2.0 Hexes


You had 8 spell levels left.
You knew the following spells:

 Your Spells              Type           Power      Damage    Failure   Level
a - Slow                  Hex            16%        N/A       32%         1

Your spell library contained the following spells:

 Spells                   Type           Power      Damage    Failure   Level
 Inner Flame              Hex/Fire       2%         N/A       82%         3
 Portal Projectile        Hex/Tloc       4%         N/A       82%         3
 Cause Fear               Hex            2%         N/A       97%         4

Inventory:

Hand Weapons
 Y - a +2 sling (weapon)
Armour
 b - a +0 pair of boots (worn)
 d - a +0 ring mail (worn)
 f - a +2 pair of gloves (worn)
Jewellery
 i - a ring of willpower
 l - a ring of poison resistance (left hand)
Wands
 h - a wand of digging (3)
Scrolls
 a - 4 scrolls of identify
 g - a scroll of immolation {unknown}
Potions
 c - a potion of enlightenment
 e - a potion of might

Dungeon Overview and Level Annotations

Branches:
Dungeon (6/15)
 Temple: D:4-7

Altars:
Gozag
Wu Jian
Yredelemnul
Zin

Annotations:
D:4 2 transporters


Message History

The sling bullet closely misses the wight.
You feel sick. The jelly closely misses you. You furiously retaliate!
You headbutt the jelly. The wight hits you with a +0 hand axe.
You feel drained.
You shoot a sling bullet.
The sling bullet barely misses the wight.
You feel sick. The jelly barely misses you.
The wight hits you with a +0 hand axe.
You shoot a sling bullet.
The sling bullet hits the wight but does no damage.
The wight is moderately damaged.
You feel sick.
A sky beast appears from thin air!
Reactivating autopickup.
The wight closely misses you. The jelly misses you. You furiously retaliate!
You headbutt the jelly. You shoot a sling bullet.
The sling bullet hits the wight but does no damage.
The wight is moderately damaged.
You feel sick. The wight misses you. The jelly hits you but does no damage.
An adder comes into view.
You shoot a sling bullet. The adder hisses angrily.
The sling bullet hits the wight but does no damage.
The wight is moderately damaged.
You feel sick.
You are no longer poisoned.
The wight hits you with a +0 hand axe.
You feel drained. The jelly barely misses you.
You shoot a sling bullet.
The sling bullet hits the wight but does no damage.
The wight is moderately damaged.
The jelly hits you but does no damage. The wight closely misses you.
You shoot a sling bullet. The sling bullet hits the wight.
The wight is heavily damaged.
The jelly hits you but does no damage. The wight hits you with a +0 hand axe.
You feel drained.
You shoot a sling bullet.
The sling bullet closely misses the wight.
The sling bullet closely misses the sky beast.
The wight hits you with a +0 hand axe.
You die...

.. #....##
.}...}. #.#
#.##......## #.#
..... #...# #.
#...###...####
###....###..'..#
..#....##...##.#
..#.#......###.#
..+.##....##
#.#######+#
..#.##....##
#..@zY.....
..#.#......#
####J.##..#
##+....##...#
.S#
..#...###...#
##..
..#)...###..#
..# ..')...# ..#
#..
..###......#.
..# ..# ##....#
#. #. ### ....#


You could see a sky beast, a jelly, a wight and an adder.

Vanquished Creatures
  Grinder (D:4)
  Sigmund (D:3)
  2 water moccasins
  A black bear (D:3)
  A sky beast (D:4)
  3 ogres
  2 phantoms (D:5)
  A scorpion (D:6)
  A centaur zombie (D:4)
  A jelly (D:5)
  A gnoll bouda (D:5)
  A hound (D:6)
  3 iguanas
  Ijyb (D:5)
  Terence (D:2)
  2 sleepcaps
  3 orc wizards
  A hound zombie (D:4)
  A hound skeleton (D:4)
  4 gnolls (D:5)
  8 adders
  A howler monkey skeleton (D:4)
  A white imp (D:6)
  An ufetubus (D:6)
  An adder skeleton (D:4)
  3 dart slugs
  11 orcs
  6 ball pythons
  10 endoplasms
  3 giant cockroaches
  7 hobgoblins
  3 jackals (D:2)
  2 kobolds
  6 quokkas
  4 bats
  5 frilled lizards
  6 goblins
  7 rats
117 creatures vanquished.

Notes
Turn   | Place    | Note
-------+----------+-------------------------------------------
     0 | D:1      | qw the Minotaur Hexslinger began the quest for the Orb.
     0 | D:1      | Reached XP level 1. HP: 16/16 MP: 1/1
     0 | D:1      | 0 ||| qw: Version: 0.3-a-52-g30416fa
     0 | D:1      | 0 ||| qw: Game counter: 5725
     0 | D:1      | 0 ||| qw: Melee chars always use a shield: true
     0 | D:1      | 0 ||| qw: God list: Okawaru
     0 | D:1      | 0 ||| qw: Allow faded altars: false
     0 | D:1      | 0 ||| qw: Do Orc after clearing Dungeon:15 true
     0 | D:1      | 0 ||| qw: Do second Lair branch before Depths: true
     0 | D:1      | 0 ||| qw: Lair rune preference: random
     0 | D:1      | 0 ||| qw: Goals: Normal
     0 | D:1      | 0 ||| PLANNING D:1-11
    92 | D:1      | Reached skill level 3 in Ranged Weapons
   106 | D:1      | Reached XP level 2. HP: 22/23 MP: 2/2
   428 | D:1      | Reached XP level 3. HP: 29/29 MP: 3/3
   641 | D:1      | 641 ||| UPGRADING to +0 ring mail.
   651 | D:1      | 651 ||| DROPPING +0 robe.
   652 | D:1      | 652 ||| READING scroll labelled SADANNUFAPN.
   653 | D:1      | 653 ||| READING scroll labelled LEPRUO WOT ZIO.
   654 | D:1      | 654 ||| READING scroll labelled CAILAN FOGYATS.
   705 | D:1      | 705 ||| DROPPING scroll of poison.
   867 | D:2      | Reached skill level 4 in Ranged Weapons
   942 | D:2      | Noticed Terence
   949 | D:2      | Killed Terence
   950 | D:2      | Reached XP level 4. HP: 20/36 MP: 4/4
  1364 | D:2      | 1364 ||| UPGRADING to +0 pair of boots.
  1369 | D:2      | 1369 ||| READING scroll labelled DYCHE BENUVI.
  1370 | D:2      | 1370 ||| READING 2 scrolls of identify.
  1370 | D:2      | 1370 ||| IDENTIFYING silvery potion
  1371 | D:2      | 1371 ||| DROPPING potion of magic.
  1409 | D:3      | 1409 ||| STAIRDANCE
  1519 | D:3      | Noticed Sigmund
  1533 | D:3      | Killed Sigmund
  1534 | D:3      | Reached skill level 6 in Ranged Weapons
  1534 | D:3      | Reached XP level 5. HP: 29/41 MP: 5/5
  1834 | D:3      | Noticed a black bear
  1841 | D:3      | Killed a black bear
  1842 | D:3      | Reached skill level 3 in Fighting
  1842 | D:3      | Reached XP level 6. HP: 29/51 MP: 6/6
  2168 | D:3      | 2168 ||| DROPPING ring of wizardry.
  2169 | D:3      | 2169 ||| UPGRADING to ring of poison resistance.
  2170 | D:3      | 2170 ||| READING scroll labelled QOOSUIP WUASAL.
  2171 | D:3      | 2171 ||| READING scroll labelled IFAICZ LO JONE.
  2175 | D:3      | 2175 ||| READING scroll labelled IPUITI QUHE.
  2276 | D:3      | 2276 ||| READING scroll labelled WASCHU ICOEPT.
  2277 | D:3      | 2277 ||| READING scroll labelled CERHAM WANORGH.
  2278 | D:3      | 2278 ||| READING 3 scrolls of identify.
  2278 | D:3      | 2278 ||| IDENTIFYING green potion
  2279 | D:3      | 2279 ||| READING 2 scrolls of identify.
  2279 | D:3      | 2279 ||| IDENTIFYING metallic pink potion
  2280 | D:3      | 2280 ||| DROPPING potion of attraction.
  2428 | D:4      | HP: 9/55 [ogre/+0 giant club (25)]
  2429 | D:4      | 2429 ||| DRINKING potion of heal wounds.
  2434 | D:4      | Reached XP level 7. HP: 8/60 MP: 7/7
  2435 | D:4      | HP: 7/60 [hound skeleton (1)]
  2439 | D:4      | HP: 1/60 [howler monkey skeleton (4)]
  2662 | D:4      | Reached skill level 7 in Ranged Weapons
  2669 | D:4      | Found a transporter.
  2685 | D:4      | Noticed Grinder
  2690 | D:4      | Found an opulent altar of Gozag.
  2693 | D:4      | Found an ornate altar of the Wu Jian Council.
  2710 | D:4      | Paralysed by Grinder for 3 turns
  2718 | D:4      | HP: 6/60 [Grinder/nerve-wracking pain (13)]
  2722 | D:4      | Killed Grinder
  2723 | D:4      | Reached skill level 8 in Ranged Weapons
  3788 | D:4      | Found a transporter.
  3847 | D:4      | 3847 ||| UPGRADING to +2 pair of gloves.
  3852 | D:4      | 3852 ||| READING 4 scrolls of identify.
  3852 | D:4      | 3852 ||| IDENTIFYING fizzy golden potion
  3853 | D:4      | 3853 ||| READING 3 scrolls of identify.
  3853 | D:4      | 3853 ||| IDENTIFYING bubbling green potion
  3946 | D:5      | Entered Level 5 of the Dungeon
  3981 | D:5      | Found a glowing silver altar of Zin.
  4025 | D:5      | Noticed Ijyb
  4031 | D:5      | Paralysed by Ijyb for 5 turns
  4043 | D:5      | Killed Ijyb
  4327 | D:5      | Reached XP level 8. HP: 26/69 MP: 8/8
  4518 | D:5      | Reached skill level 9 in Ranged Weapons
  4814 | D:5      | Reached skill level 3 in Dodging
  4870 | D:5      | Reached skill level 6 in Fighting
  5063 | D:5      | 5063 ||| DRINKING potion of curing.
  5063 | D:5      | 5063 ||| (to cure confusion)
  5108 | D:5      | 5108 ||| READING 3 scrolls of identify.
  5108 | D:5      | 5108 ||| IDENTIFYING grey potion
  5109 | D:5      | 5109 ||| DROPPING potion of degeneration.
  5127 | D:6      | 5127 ||| STAIRDANCE
  5332 | D:6      | Reached skill level 10 in Ranged Weapons
  5396 | D:6      | Found a basalt altar of Yredelemnul.
  5534 | D:6      | Reached skill level 3 in Armour
  5541 | D:6      | HP: 12/70 [acid (8)]
  5543 | D:6      | HP: 5/69 [wight/+0 hand axe (1)]
  5546 | D:6      | HP: 2/69 [wight/+0 hand axe (1)]
  5549 | D:6      | Slain by a wight

Levels and vault maps discovered:
D:1:      saegor_arrival_simple_e, layout_loops_ring
D:2:      layout_basic, uniq_terence
D:3:      layout_basic, uniq_sigmund
D:4:      gammafunk_cloud_chamber, layout_basic,
          mainiacjoe_overflow_catwalk_spiral, serial_undead, serial_undead_c,
          serial_undead_e, serial_undead_c, serial_undead_c, uniq_grinder
D:5:      layout_loops_corners, mainiacjoe_overflow_small_starburst,
          mrwooster_statue_mirror, kennysheep_donut, minivault_25,
          minmay_gold_behind_fungi, uniq_ijyb
D:6:      wad_guarded_room, layout_basic, mainiacjoe_overflow_24_doors,
          minmay_manual_moon

Skill      XL: |  1  2  3  4  5  6  7  8 |
---------------+-------------------------+-----
Ranged Weapons | 3 4 6 8 10 | 10.0
Fighting       | 2 3 4 5 6 |  6.7
Armour         | 2 3 |  3.9
Dodging        | 3 |  3.6
Spellcasting   | |  1.0
Hexes          | |  2.0

Action                     |  1- 3 |  4- 6 |  7- 9 || total
---------------------------+-------+-------+-------++-------
   Fire: Sling             |    90 |   100 |   308 ||   498
    Use: Scroll            |     3 |     9 |     3 ||    15
         Potion            |       |     1 |     1 ||     2
 Armour: Robe              |     4 |       |       ||     4
         Ring mail         |     3 |    14 |    85 ||   102
  Dodge: Dodged            |    23 |    27 |   130 ||   180

Table legend:
 A = Non-vault XP
 B = Vault XP
 C = Vault XP percentage of total XP
 D = Non-vault monster count
 E = Vault monster count
 F = Vault count percentage of total count
                 A         B        C        D         E       F
            +---------+---------+-------+---------+---------+-------
      Total |    1644 |     960 |  36.9 |     103 |      14 |  12.0
            +---------+---------+-------+---------+---------+-------
        D:1 |      47 |       0 |   0.0 |      25 |       0 |   0.0
        D:2 |      35 |      36 |  50.7 |      15 |       1 |   6.2
        D:3 |     161 |     223 |  58.1 |      14 |       1 |   6.7
        D:4 |     431 |     379 |  46.8 |      18 |       6 |  25.0
        D:5 |     830 |      36 |   4.2 |      22 |       1 |   4.3
        D:6 |     140 |     286 |  67.1 |       9 |       5 |  35.7
            +---------+---------+-------+---------+---------+-------
